 Dungeon Crawl Stone Soup version 0.30.0 (webtiles) character file.

Game seed: 10081629342888674890

1281 Blot0066 the Basher (level 8, -1/64 (70) HPs)
             Began as a Minotaur Berserker on Nov 7, 2023.
             Was a Priest of Trog.
             Slain by Grinder (4 damage)
             ... on level 6 of the Dungeon.
             The game lasted 00:29:26 (4761 turns).

Blot0066 the Basher (Minotaur Berserker)            Turns: 4761, Time: 00:29:26

HP:   -1/64 (70)    AC: 15    Str: 24    XL:     8   Next: 29%
MP:   7/7           EV: 11    Int:  4    God:    Trog [***...]
Gold: 251           SH:  0    Dex: 10    Spells: 7/7 levels left

rFire   + . .        g - +2 flail (protect)
rCold   x . .        (no shield)
rNeg    . . .        v - +0 scale mail
rPois   .            (helmet restricted)
rElec   .            (no cloak)
rCorr   .            A - +0 pair of gloves
SInv    .            (no boots)
Will    ++...        (no amulet) Stlth
                     w - ring of fire
HPRegen 1.30/turn    (no ring)
MPRegen 0.10/turn

%: no passive effects
@: strong-willed, under a protective aura, regenerating, studying Long Blades,
drained
A: horns 2, retaliatory headbutt, mutation resistance 1, screaming 1
a: Renounce Religion, Berserk, Trog's Hand


You were on level 6 of the Dungeon.
You worshipped Trog.
Trog was most pleased with you.
You visited 1 branch of the dungeon, and saw 6 of its levels.
You also visited: Ossuary.

You collected 251 gold pieces.

Inventory:

Hand Weapons
 g - a +2 flail of protection (weapon)
 s - a +0 sling
 y - a +1 hand axe of flaming
Missiles
 j - 42 stones (quivered)
 l - 6 boomerangs
 x - 4 curare-tipped darts
 J - 5 poisoned darts
Armour
 b - a +0 animal skin
 t - a +0 ring mail
 v - a +0 scale mail (worn)
 A - a +0 pair of gloves (worn)
Magical Staves
 p - a staff of death
Jewellery
 w - a ring of fire (left hand)
 I - a ring of magical power
Wands
 z - a wand of paralysis (11)
Scrolls
 a - 3 scrolls of blinking {unknown}
 c - 4 scrolls of identify
 d - a scroll of amnesia {unknown}
 f - a scroll of fear {unknown}
 n - 3 scrolls of fog {unknown}
 o - 6 scrolls of teleportation
 u - 2 scrolls of summoning {unknown}
 B - 5 scrolls of noise
 H - 2 scrolls of immolation
Potions
 e - 4 potions of curing
 h - 2 potions of lignification
 i - 3 potions of haste {unknown}
 k - 4 potions of degeneration
 m - 3 potions of heal wounds {unknown}
 q - a potion of brilliance {unknown}
 r - 2 potions of ambrosia {unknown}
 C - a potion of magic {unknown}
 D - 2 potions of berserk rage {unknown}
 E - a potion of resistance {unknown}
 F - a potion of invisibility {unknown}
 G - a potion of attraction {unknown}


   Skills:
 + Level 5.8 Fighting
 - Level 4.1(7.4) Axes
 * Level 9.6(10.0) Maces & Flails
 + Level 4.4 Armour
 + Level 3.3 Dodging
 + Level 0.7 Stealth


You had 7 spell levels left.
You didn't know any spells.
Your spell library contained the following spells:

 Spells                   Type           Power      Damage    Failure   Level
 Apportation              Tloc           0%         N/A       80%         1
 Magic Dart               Conj           0%         1d3       80%         1
 Call Imp                 Summ           0%         N/A       90%         2
 Call Canine Familiar     Summ           0%         N/A       99%         3
 Gell's Gravitas          Tloc           0%         N/A       99%         3
 Inner Flame              Hex/Fire       0%         N/A       99%         3
 Mephitic Cloud           Conj/Pois/Air  0%         N/A       99%         3
 Portal Projectile        Hex/Tloc       0%         N/A       99%         3
 Vhi's Electric Charge    Tloc/Air       0%         N/A       99%         3
 Fulminant Prism          Conj/Hex       0%         3d5       100%        4
 Leda's Liquefaction      Hex/Erth       0%         N/A       100%        4
 Yara's Violent Unravell  Hex/Tmut       0%         3d3       100%        5
 Enfeeble                 Hex            0%         N/A       100%        7


Dungeon Overview and Level Annotations

Branches:
Dungeon (6/15)            Ossuary (visited)
 Temple: D:4-7

Altars:
Cheibriados
Fedhas
Kikubaaqudgha
Makhleb
Ru
Wu Jian
Xom
Yredelemnul

Shops:
D:5 (

Annotations:
D:6 Grinder


Innate Abilities, Weirdness & Mutations

You have a pair of horns on your head.
You reflexively headbutt those who attack you in melee.
You are somewhat resistant to further mutation.
You occasionally shout uncontrollably at your foes.


Message History

Your weapon exudes an aura of protection.
You headbutt the kobold.
You kill the kobold!
Trog accepts your kill.
You hear the slow rusting of a distant drain.
The wight misses you. The wight completely misses you. You furiously retaliate!
You headbutt the wight.
The goblin unwields a +0 dagger.
The goblin wields a +0 sling.
The goblin shoots a sling bullet.
The sling bullet closely misses you.
The sling bullet barely misses the wight.
Okay, then.
Your skin crawls.
You feel strong-willed. The wight closely misses you.
The wight barely misses you. You furiously retaliate!
You headbutt the wight! The wight closely misses you.
An orc comes into view. It is wielding a +0 dagger.
The goblin shoots a sling bullet.
The sling bullet closely misses you.
The sling bullet barely misses the wight.
You sock the wight!
The wight is almost destroyed.
The wight hits you but does no damage. The wight misses you.
The wight closely misses you.
An orc comes into view. It is wielding a +0 whip.
You sock the wight!
You destroy the wight!
Trog accepts your kill. The wight hits you but does no damage.
The wight hits you with a +4 hand axe!
* * * LOW HITPOINT WARNING * * *
You feel drained. The orc closely misses you.
Something unseen opens the door.
You hit Grinder.
Grinder is lightly wounded.
The wight hits you with a +4 hand axe.
* * * LOW HITPOINT WARNING * * *
The wight hits you with a +3 falchion!
* * * LOW HITPOINT WARNING * * *
You feel drained.
* * * LOW HITPOINT WARNING * * *
A goblin comes into view. It is wielding a +0 vampiric dagger.
The orc hits you but does no damage. Grinder hits you.
You die...

#####.....#
.#####.......<.#
...............#
.........#....#
#......P....#.#
#o..####...##.# #...#
#....#.# ##'##5.#
+......#
#..go@z####..)..#####
#.(.#zo..............
#.. #...........####.
## #..####.......#
+...# #..>.......
#.⌠.g #.......##.
#...# #..$..### ...##
#.....# .... .......#


You could see Grinder, 2 wights, 3 orcs and 2 goblins.

Vanquished Creatures
  4 ogres (D:5)
  A centaur (D:6)
  A phantom (D:5)
  A scorpion (D:4)
  3 wights (D:6)
  A howler monkey (D:5)
  A crimson imp (D:5)
  2 centaur zombies (Ossuary)
  A hound (D:4)
  A jelly (D:4)
  2 human zombies (Ossuary)
  3 iguanas
  2 sleepcaps (D:4)
  3 mummies (Ossuary)
  A gnoll (D:1)
  5 adders
  2 worms
  2 dart slugs
  7 orcs
  3 bats
  7 endoplasms
  7 giant cockroaches
  7 goblins
  2 hobgoblins
  8 kobolds
  4 quokkas
  6 ball pythons
  4 frilled lizards
  2 gnoll zombies (Ossuary)
  A kobold zombie (Ossuary)
  An orc zombie (Ossuary)
  2 rats (D:1)
97 creatures vanquished.

Notes
Turn   | Place    | Note
-------+----------+-------------------------------------------
     0 | D:1      | Blot0066 the Minotaur Berserker began the quest for the
                  | Orb.
     0 | D:1      | Reached XP level 1. HP: 19/19 MP: 0/0
   736 | D:1      | Reached XP level 2. HP: 22/27 MP: 1/1
   773 | D:1      | Got the Tome of Cunning Geometries
  1539 | D:2      | Reached XP level 3. HP: 33/33 MP: 2/2
  1868 | D:2      | Reached skill level 1 in Maces & Flails
  2079 | D:2      | Reached ** piety under Trog
  2274 | D:3      | Reached skill level 2 in Maces & Flails
  2335 | D:3      | Reached XP level 4. HP: 28/41 MP: 3/3
  2453 | D:3      | Reached skill level 3 in Maces & Flails
  2869 | D:4      | Reached skill level 4 in Maces & Flails
  2869 | D:4      | Reached XP level 5. HP: 23/47 MP: 4/4
  3064 | D:4      | Reached skill level 5 in Maces & Flails
  3071 | D:4      | Reached XP level 6. HP: 50/53 MP: 5/5
  3298 | D:4      | Found a blossoming altar of Fedhas.
  3481 | D:5      | Entered Level 5 of the Dungeon
  3481 | D:5      | Found Hefriepn's Antique Weapon Shoppe.
  3488 | D:5      | Reached skill level 6 in Maces & Flails
  3517 | D:5      | Found a basalt altar of Yredelemnul.
  3622 | D:5      | Found a sand-covered staircase.
  3636 | Ossuary  | Entered an ossuary
  3692 | Ossuary  | Reached skill level 5 in Fighting
  3721 | Ossuary  | Reached XP level 7. HP: 52/61 MP: 6/6
  3741 | Ossuary  | Gained mutation: You occasionally shout uncontrollably at
                  | your foes. [potion of mutation]
  3741 | Ossuary  | Gained mutation: You are somewhat resistant to further
                  | mutation. [potion of mutation]
  3838 | Ossuary  | Reached skill level 7 in Maces & Flails
  4036 | D:5      | Reached *** piety under Trog
  4055 | D:5      | Reached skill level 8 in Maces & Flails
  4242 | D:5      | Found a shimmering altar of Xom.
  4242 | D:5      | Found a burning altar of Makhleb.
  4378 | D:5      | Reached skill level 9 in Maces & Flails
  4378 | D:5      | Reached XP level 8. HP: 59/68 MP: 7/7
  4515 | D:5      | Found an ornate altar of the Wu Jian Council.
  4622 | D:6      | Found a sacrificial altar of Ru.
  4672 | D:6      | Found a snail-covered altar of Cheibriados.
  4674 | D:6      | Found an ancient bone altar of Kikubaaqudgha.
  4753 | D:6      | Noticed Grinder
  4761 | D:6      | HP: 3/64 [wight/+3 falchion (1)]
  4761 | D:6      | Slain by Grinder

Illustrated notes

Levels and vault maps discovered:
D:1:      evilmike_arrival_rings, layout_basic
D:2:      layout_loops_corners, kennysheep_donut, moated_statue, hex_large,
          chequers_serial_rivers_micro_e, amcnicky_mini_pool_small
D:3:      layout_rooms, kennysheep_nub
D:4:      layout_loops_ring, fedhas_altar_2
D:5:      layout_rooms, grunt_temple_overflow_champion_of_chaos,
          mainiacjoe_overflow_big_doors, lightli_ossuary_entry_decrepit_ruins,
          serial_shops, nicolae_shop_hallway_stairs, minmay_misc_feat_cross,
          kennysheep_generic_room_5
D:6:      corexii_shack_village, layout_loops_ring,
          mainiacjoe_overflow_brackets, nicolae_overflow_hidden_temple,
          lightli_sewer_entry_pipes, nicolae_figureground_sparkle, uniq_grinder

Skill      XL: |  1  2  3  4  5  6  7 |
---------------+----------------------+-----
Fighting       | 4 5 |  5.8
Axes           | 4 |  4.1
Maces & Flails | 2 4 5 6 9 |  9.6
Dodging        | 3 |  3.3
Armour         | 3 4 |  4.4
Stealth        | |  0.7

Action                     |  1- 3 |  4- 6 |  7- 9 || total
---------------------------+-------+-------+-------++-------
  Melee: Hand axe          |    15 |       |       ||    15
         Headbutt          |    11 |    13 |    17 ||    41
         Flail             |    51 |    93 |    69 ||   213
         Punch             |     1 |     2 |     2 ||     5
   Fire: Sling             |       |     2 |       ||     2
  Throw: Stone             |     2 |       |     1 ||     3
 Invoke: Trog's Hand       |       |       |     1 ||     1
    Use: Scroll            |     1 |     2 |     1 ||     4
         Potion            |       |       |     3 ||     3
 Armour: Animal skin       |    22 |     1 |       ||    23
         Ring mail         |       |     9 |       ||     9
         Scale mail        |       |    26 |    37 ||    63
  Dodge: Dodged            |    51 |    45 |    40 ||   136
